cohdb
Replays
Latest Replays
All Replays
Popular Replays
Top Player Replays
Match Explorer
How It Works
Community
CoH3 Stats
Reddit
Sign in to upload your games and track your stats! →
Sign in with Steam
Match 45604527
Unlisted
Match 45604527
Overview
Messages
Build Orders
End
Pioneer Squad
Construct Infanterie Kompanie
MG 42 Machine Gun Team
Selects Mechanized Battlegroup
Grenadier Squad
Grenadier Squad
Construct Luftwaffe Kompanie
221 Scout Car
221 Scout Car
Selects Mobile Repair Stations
Jäger Squad
Luftwaffe Officer Quarters
Selects Wespe Self-propelled Artillery
Wespe Self-propelled Artillery
Jäger Squad
Wespe Self-propelled Artillery
Wespe Self-propelled Artillery
Boneless
BazookaJoe
Banania
HolyMolyEmpire
[PD] PragerSchinken
[PD]Brink
CosmicSpire
J
0
0
Comments
sign in to comment!
No comments posted yet!